 Dungeon Crawl Stone Soup version 0.17-a0-1078-g243345b (webtiles) character file.

175 Vivisectus the Magician (level 5, 0/28 HPs)
             Began as a Deep Elf Wizard on May 19, 2015.
             Slain by an orc wizard
             ... wielding a +0 dagger
              (2 damage)
             ... on level 3 of the Dungeon.
             The game lasted 00:20:59 (3538 turns).

Vivisectus the Magician (Deep Elf Wizard)           Turns: 3538, Time: 00:20:59

Health: 0/28       AC:  4    Str:  4    XL:     5   Next: 29%
Magic:  2/16       EV: 13    Int: 24    God:
Gold:   149        SH:  0    Dex: 15    Spells: 5 memorised, 7 levels left

rFire  . . .     SeeInvis .     h - +0 dagger
rCold  . . .     Clarity  .     a - +0 robe
rNeg   . . .     SustAb   .     (no shield)
rPois  .         Gourm    .     b - +0 hat
rElec  .         Spirit   .     (no cloak)
rCorr  .         Warding  .     (no gloves)
rMut   .         Stasis   .     s - +1 pair of boots
MR     .....                    (no amulet)
Stlth  ++........               (no ring)
                                n - +2 ring of dexterity

@: not resistant to hostile enchantments, unstealthy
A: no striking features
a: no special abilities


You were on level 3 of the Dungeon.
You were not hungry.

You visited 1 branch of the dungeon, and saw 3 of its levels.

You collected 149 gold pieces.

Inventory:

Hand weapons
 h - a +0 dagger (weapon)
Armour
 a - a +0 robe (worn)
 b - a +0 hat (worn)
 k - a +0 pair of boots
 p - a +0 robe
 s - a +1 pair of boots (worn)
Jewellery
 n - a +2 ring of dexterity (left hand)
Scrolls
 f - a scroll of enchant armour {unknown}
 i - 4 scrolls of identify
 l - 2 scrolls of teleportation {unknown}
 m - a scroll of fog {unknown}
 r - 2 scrolls of magic mapping {unknown}
 t - a scroll of recharging {unknown}
 u - 2 scrolls of random uselessness {unknown}
 w - a scroll of noise {unknown}
Potions
 e - a potion of curing
 g - a potion of cure mutation {unknown}
 o - a potion of ambrosia {unknown}
 q - a potion of might {unknown}
 v - a potion of heal wounds {unknown}
Books
 c - a book of Minor Magic

   Spells                             Type                      Level
   a - Magic Dart                     Conjuration                  1
   b - Blink                          Translocation                2
   c - Call Imp                       Summoning                    2
   d - Repel Missiles                 Charms/Air                   2
   e - Slow                           Hexes                        2
   f - Conjure Flame                  Conjuration/Fire             3
   g - Mephitic Cloud                 Conjuration/Poison/Air       3
Comestibles
 d - 3 bread rations
 j - a meat ration


   Skills:
 - Level 2.6 Dodging
 - Level 2.4 Stealth
 + Level 6.5 Spellcasting
 - Level 1.8 Conjurations
 - Level 3.2 Summonings
 - Level 1.3 Translocations
 + Level 0.6 Air Magic
 + Level 0.7 Poison Magic


You had 7 spell levels left.
You knew the following spells:

 Your Spells              Type           Power        Failure   Level  Hunger
a - Magic Dart            Conj           ###.         4%          1    None
b - Call Imp              Summ           ###.....     3%          2    None
c - Blink                 Tloc           N/A          10%         2    None
d - Mephitic Cloud        Conj/Pois/Air  ##......     17%         3    None
e - Repel Missiles        Chrm/Air       #.....       12%         2    None


Dungeon Overview and Level Annotations

Branches:
Dungeon (3/15)

Altars:
Dithmenos
Elyvilon
Vehumet


Message History

You swap places.
The orc wizard hits your crimson imp but does no damage.
Your crimson imp hits the orc wizard but does no damage.
The orc closely misses your crimson imp.
Your crimson imp blinks!
Your crimson imp hits the orc but does no damage.
You hit the orc wizard but do no damage.
The orc wizard is moderately wounded.
The orc wizard is no longer moving quickly.
The orc wizard hits you with a dagger.
* * * LOW HITPOINT WARNING * * *
Your crimson imp closely misses the orc wizard.
The orc wizard hits you with a dagger.
* * * LOW HITPOINT WARNING * * *
The orc misses your crimson imp.
Your crimson imp barely misses the orc.
You feel yourself speed up.
Your crimson imp barely misses the orc wizard.
The orc barely misses your crimson imp.
Your crimson imp hits the orc.
The orc wizard hits you with a dagger.
You die...

##### ###### #.... #....# #.###
#....# #######'###
######....#############..........
..)..)....'5o.5o@5....'..........
###.......#############..........
....(............## #.5........
.......#########..#####.....#'###
...##### #................#.#
##.# #...........####.#.# #.#
#...........####.#.# #.#
#...........##...#.# #.#
#######.....##...#.#


You could see an orc wizard, an orc and 3 friendly crimson imps.

Vanquished Creatures
  2 adders
  2 giant geckos
  A giant cockroach (D:2)
  6 hobgoblins
  8 bats
  5 giant newts
  4 kobolds
  10 rats
38 creatures vanquished.

Vanquished Creatures (collateral kills)
  2 orc priests (D:3)
  2 orc wizards (D:3)
  Natasha (D:3)
  5 adders
  An ooze (D:2)
  3 worms (D:2)
  4 orcs (D:3)
  A bat (D:2)
  A goblin (D:2)
  A hobgoblin (D:3)
  4 jackals (D:2)
  A kobold (D:2)
  2 rats
28 creatures vanquished.

Vanquished Creatures (others)
  4 crimson imps
  An orc wizard (D:3)
  3 shadow imps
  2 white imps
  A worm (D:3)
  2 orcs (D:3)
13 creatures vanquished.

Grand Total: 79 creatures vanquished

Notes
Turn   | Place    | Note
--------------------------------------------------------------
     0 | D:1      | Vivisectus the Deep Elf Wizard began the quest for the Orb.
     0 | D:1      | Reached XP level 1. HP: 10/10 MP: 7/7
   599 | D:1      | Reached XP level 2. HP: 15/15 MP: 7/9
   671 | D:1      | Reached skill level 5 in Spellcasting
  1056 | D:2      | Found a shadowy altar of Dithmenos.
  1100 | D:2      | Learned a level 2 spell: Call Imp
  1103 | D:2      | Learned a level 2 spell: Blink
  1449 | D:2      | Reached XP level 3. HP: 19/19 MP: 9/11
  1480 | D:2      | Learned a level 3 spell: Mephitic Cloud
  2110 | D:2      | Found a white marble altar of Elyvilon.
  2623 | D:3      | Reached XP level 4. HP: 10/24 MP: 9/13
  2854 | D:3      | Found a radiant altar of Vehumet.
  2936 | D:3      | Reached skill level 6 in Spellcasting
  3151 | D:3      | Noticed Natasha
  3163 | D:3      | Killed Natasha
  3163 | D:3      | Reached XP level 5. HP: 17/28 MP: 7/15
  3167 | D:3      | Learned a level 2 spell: Repel Missiles
  3538 | D:3      | Slain by an orc wizard

Vault maps used:
D:1:      dpeg_arrival_sounds_slurp
D:2:      elyvilon_altar_5, first_bread, serial_co_window_serial,
          co_window_paths_b, co_window_of_opportunity_a, co_window_cross_1,
          co_window_paths_b, co_window_paths_b, co_window_broadway_a,
          co_window_paths_c, co_window_2corner, co_window_of_opportunity_c,
          co_window_4corner_a, glass_columns_a,
          grunt_dithmenos_smoke_and_mirrors
D:3:      fiery_altar_vehumet, moated_statue, uniq_natasha

Action                   |  1- 3 |  4- 6 || total
-------------------------+-------+-------++-------
Melee: Dagger            |    25 |     9 ||    34
 Cast: Magic Dart        |    57 |    13 ||    70
       Call Imp          |    22 |    25 ||    47
       Blink             |     2 |     1 ||     3
       Mephitic Cloud    |       |     1 ||     1
  Use: Scroll            |       |     1 ||     1
       Potion            |       |     1 ||     1
 Stab: Sleeping          |     2 |       ||     2
  Eat: Chunk             |     3 |       ||     3
       Meat ration       |       |     1 ||     1
